 Dungeon Crawl Stone Soup version 0.17.0-1-g61d176b (console) character file.

8 gw the Cudgeler (level 2, 0/19 HPs)
             Began as a Tengu Chaos Knight on Nov 7, 2015.
             Slain by a bat (1 damage)
             ... on level 1 of the Dungeon.
             The game lasted 00:00:09 (38 turns).

gw the Cudgeler (Tengu Chaos Knight)                  Turns: 38, Time: 00:00:09

Health: 0/19       AC:  5    Str: 12    XL:     2   Next: 8%
Magic:  3/3        EV: 11    Int: 12    God:    Xom [..*...]
Gold:   0          SH:  0    Dex: 13    Spells: 0 memorised, 1 level left

rFire  . . .     SeeInvis .     a - +0 mace (chaos)
rCold  . . .     Clarity  .     b - +2 leather armour
rNeg   . . .     SustAt   .     (no shield)
rPois  .         Gourm    .     (helmet restricted)
rElec  .         Spirit   .     (no cloak)
rCorr  .         Warding  .     (no gloves)
rMut   .         Stasis   .     (boots unavailable)
MR     .....                    (no amulet)
Stlth  +.........               (no ring)
                                (no ring)

@: not resistant to hostile enchantments, very unstealthy
A: beak, talons 3
a: Renounce Religion


You were on level 1 of the Dungeon.
You worshipped Xom.
You were a toy of Xom.
You were not hungry.

You visited 1 branch of the dungeon, and saw 1 of its levels.

Inventory:

Hand Weapons
 a - a +0 mace of chaos (weapon)
Armour
 b - a +2 leather armour (worn)
Comestibles
 c - a bread ration


   Skills:
 + Level 3.1 Fighting
 * Level 3.7 Maces & Flails
 - Level 2.1 Armour
 + Level 1.2 Dodging


You had one spell level left.
You didn't know any spells.

Dungeon Overview and Level Annotations

Branches:
Dungeon (1/15)

Altars:


Innate Abilities, Weirdness & Mutations

You have a beak for a mouth.
You have claws for feet.


Message History

Unknown command.
Unknown command.
Unknown command.
Unknown command.
ATTACKING (-1,-1)
You hit the goblin.
The goblin is poisoned.
Your kick misses the goblin. Your peck misses the goblin.
The goblin is heavily wounded.
The bat closely misses you. x3
The goblin barely misses you.
Unknown command.
Unknown command.
Unknown command.
Unknown command.
ATTACKING (-1,-1)
You hit the goblin.
You kill the goblin!
The bat barely misses you. The bat hits you.
You die... "Huh?
Did I miss anything?"

#..#.... ##+#..#?.#
.[. #.....#..# ...
#......g.# #..#
#.)...#..# #..#
....###.#..####..# #
... ###.#$.......#
.# .$
+.b.#........####..#
.
###Q#.......(.....)#
###(.###.(.......#
#..# #.........#
#..# #%.#####..#
#..###..# #.......#
#.....<.# #.......#
#..##...#


You could see a bat.

Table legend:
 A = Turns spent in this place as a percentage of turns spent in the entire game.
 B = Non-inter-level travel turns spent in this place as a percentage of non-inter-level travel turns spent in the entire game.
 C = Inter-level travel turns spent in this place as a percentage of turns spent in this place.
 D = Turns resting spent in this place as a percentage of non-inter-level travel turns spent in this place.
 E = Turns spent auto-exploring this place as a percentage of non-inter-level travel turns spent in this place.
 F = Non-inter-level travel turns spent in this place divided by the number of levels of this place that you've seen.
                   A       B       C       D       E      F
               +-------+-------+-------+-------+-------+----------------------
         Total | 100.0 | 100.0 |   0.0 |   0.0 |   1.5 | 206.0
       Dungeon | 100.0 | 100.0 |   0.0 |   0.0 |   1.5 | 206.0
               +-------+-------+-------+-------+-------+----------------------

Table legend:
 A = Kills in this place as a percentage of kills in entire the game.
 B = Kills by you in this place as a percentage of kills by you in the entire game.
 C = Kills by friends in this place as a percentage of kills by friends in the entire game.
 D = Other kills in this place as a percentage of other kills in the entire game.
 E = Experience gained in this place as a percentage of experience gained in the entire game.
 F = Experience gained in this place divided by the number of levels of this place that you have seen.
                   A       B       C       D       E      F
               +-------+-------+-------+-------+-------+----------------------
         Total | 100.0 | 100.0 |  -nan |  -nan | 100.0 |  12.0
       Dungeon | 100.0 | 100.0 |  -nan |  -nan | 100.0 |  12.0
               +-------+-------+-------+-------+-------+----------------------

Vanquished Creatures
  An ooze (D:1)
  A bat (D:1)
  A goblin (D:1)
  A kobold (D:1)
4 creatures vanquished.

Notes
Turn   | Place    | Note
--------------------------------------------------------------
     0 | D:1      | gw the Tengu Chaos Knight began the quest for the Orb.
     0 | D:1      | Reached XP level 1. HP: 14/14 MP: 2/2
    31 | D:1      | Reached XP level 2. HP: 5/19 MP: 3/3
    38 | D:1      | Slain by a bat

Action                   || total
-------------------------++-------
Melee: Mace              ||    16

Vault maps used:
D:1:      dpeg_arrival_boxorama, solitary_fountain, ashenzari_altar_1
